Workbook

Sheet AUXILIAR DE LIMPEZA
A1: ANEXO V - PLANILHA DE CUSTOS E FORMAÇÃO DE PREÇOS
A2: MODELO DE FORMAÇÃO DE CUSTO MENSAL PARA UM EMPREGADO
A4: MÓDULO 1 - REMUNERAÇÃO
A6: SALÁRIO BASE
A7: SALÁRIO BASE | C7: CCT | E7: DIVISOR MENSAL
A8: AUXILIAR DE LIMPEZA 44H | B8: 0 | C8: RS004917/2023 | E8: 220
A10: SALÁRIO BASE | E10: DIVISOR MENSAL
A11: AUXILIAR DE LIMPEZA 40H | B11: =B8/44*40 -> 0 | E11: 200
A13: GRATIFICAÇÃO DE FUNÇÃO
A15: GRATIFICAÇÃO DE FUNÇÃO
A16: Categoria | B16: Base de cálculo | C16: Percentual | D16: Valor da Gratificação
A17: AUXILIAR DE LIMPEZA | B17: =B11 -> 0 | D17: =B17*C17 -> 0
A19: ADICIONAIS (periculosidade ou insalubridade, se houver)
A21: ADICIONAL DE INSALUBRIDADE
A23: ADICIONAL INSALUBRIDADE
A24: Categoria | B24: Base de cálculo | C24: Percentual | D24: Valor
A25: AUXILIAR DE LIMPEZA (40h semanais) | B25: =B8 -> 0 | C25: 0.4 | D25: =B25*C25 -> 0
A27: MÓDULO 1 - REMUNERAÇÃO
A29: MÓDULO 1 - REMUNERAÇÃO
A30: Categoria | B30: Salário Base | C30: Gratificação de função | D30: Adicional de Periculosidade ou Insalubridade | E30: Adicional Noturno | G30: Total
A31: AUXILIAR DE LIMPEZA (40h semanais) | B31: =B11 -> 0 | C31: =D17 -> 0 | D31: =D25 -> 0 | G31: =SUM(B31:F31) -> 0
A33: MÓDULO 2 - ENCARGOS E BENEFÍCIOS (ANUAIS, MENSAIS E DIÁRIOS)
A35: SUBMÓDULO 2.1 – 13° SALÁRIO, FÉRIAS E ADICIONAL DE FÉRIAS
A37: 13° SALÁRIO Previsto no Decreto 57.155, de 1965.
A38: Categoria | B38: Base de cálculo | C38: Provisionamento Mensal | D38: Valor
A39: AUXILIAR DE LIMPEZA (40h semanais) | B39: =G31 -> 0 | C39: =1/12 -> 0.083333333 | D39: =B39*C39 -> 0
A41: FÉRIAS Previsto no art. 7° da Constituição Federal
A42: Categoria | B42: Base de cálculo | C42: Provisionamento Mensal | D42: Valor
A43: AUXILIAR DE LIMPEZA (40h semanais) | B43: =G31 -> 0 | C43: =1/12 -> 0.083333333 | D43: =B43*C43 -> 0
A45: ADICIONAL DE FÉRIAS - 1/3 CONSTITUCIONAL
A46: Categoria | B46: Base de cálculo | C46: Alíquota Adicional | D46: Provisionamento Mensal | E46: Valor
A47: AUXILIAR DE LIMPEZA (40h semanais) | B47: =G31 -> 0 | C47: =1/3 -> 0.33333333 | D47: =1/12 -> 0.083333333 | E47: =B47*C47*D47 -> 0
A49: SUBMÓDULO 2.1 – 13° SALÁRIO, FÉRIAS E ADICIONAL DE FÉRIAS
A50: Categoria | B50: 13° Salário | C50: Férias | D50: 1/3 Constitucional | E50: Total
A51: AUXILIAR DE LIMPEZA (40h semanais) | B51: =D39 -> 0 | C51: =D43 -> 0 | D51: =E47 -> 0 | E51: =SUM(B51:D51) -> 0
A53: SUBMÓDULO 2.2 - ENCARGOS PREVIDENCIÁRIOS E FGTS
A55: COMPOSIÇÃO DO GPS E FGTS
A56: Encargos | B56: Percentual
A57: INSS - empregador | B57: 0
A58: Salário-Educação | B58: 0
A59: SAT- GIL/RAT | B59: 0
A60: SESC | B60: 0
A61: SENAC | B61: 0
A62: SEBRAE | B62: 0
A63: INCRA | B63: 0
A64: FGTS | B64: 0
A65: TOTAL | B65: =SUM(B57:B64) -> 0
A67: GPS - GUIA DA PREVIDÊNCIA SOCIAL
A68: Categoria | B68: Base de cálculo | C68: Percentual | D68: Valor
A69: AUXILIAR DE LIMPEZA (40h semanais) | B69: =G31+E51 -> 0 | C69: =SUM($B$57:$B$63) -> 0 | D69: =B69*C69 -> 0
A71: FGTS - FUNDO DE GARANTIA POR TEMPO DE SERVIÇO
A72: Categoria | B72: Base de cálculo | C72: Percentual | D72: Valor
A73: AUXILIAR DE LIMPEZA (40h semanais) | B73: =G31+E51 -> 0 | C73: =$B$64 -> 0 | D73: =B73*C73 -> 0
A75: SUBMÓDULO 2.2 - ENCARGOS PREVIDENCIÁRIOS E FGTS
A76: Categoria | B76: GPS | C76: FGTS | D76: Total
A77: AUXILIAR DE LIMPEZA (40h semanais) | B77: =D69 -> 0 | C77: =D73 -> 0 | D77: =B77+C77 -> 0
A79: SUBMÓDULO 2.3 - BENEFÍCIOS MENSAIS E DIÁRIOS
A81: VALE TRANSPORTE
A83: CUSTO DA PASSAGEM
A84: Categoria | B84: Vr. Unitário | C84: Vales por dia | D84: Dias efetivamente trabalhados | E84: Custo total
A85: AUXILIAR DE LIMPEZA (40h semanais) | B85: 0 | C85: 2 | D85: 22 | E85: =B85*C85*D85 -> 0
A87: DESCONTO DO VALE TRANSPORTE
A88: Categoria | B88: Base de cálculo | C88: Proporcionalidade | D88: Percentual | E88: Desconto
A89: AUXILIAR DE LIMPEZA (40h semanais) | B89: =B11 -> 0 | C89: 1 | D89: 0.06 | E89: =B89*C89*D89 -> 0
A91: CUSTO EFETIVO DO VALE TRANSPORTE
A92: Categoria | B92: Custo total | C92: Valor do desconto | D92: Custo efetivo
A93: AUXILIAR DE LIMPEZA (40h semanais) | B93: =E85 -> 0 | C93: =E89 -> 0 | D93: =B93-C93 -> 0
A95: VALE ALIMENTAÇÃO/REFEIÇÃO
A97: VALE ALIMENTAÇÃO/REFEIÇÃO
A98: Categoria | B98: Valor diário | C98: Dias efetivamente trabalhados | D98: Valor
A99: AUXILIAR DE LIMPEZA (40h semanais) | B99: 0 | C99: =D85 -> 22 | D99: =B99*C99 -> 0
A101: DESCONTO DO VALE ALIMENTAÇÃO/REFEIÇÃO
A102: Categoria | B102: Base de cálculo | C102: Percentual | D102: Desconto
A103: AUXILIAR DE LIMPEZA (40h semanais) | B103: =D99 -> 0 | C103: 0.19 | D103: =B103*C103 -> 0
A105: CUSTO EFETIVO DO VALE ALIMENTAÇÃO/REFEIÇÃO
A106: Categoria | B106: Custo total | C106: Desconto | D106: Custo efetivo
A107: AUXILIAR DE LIMPEZA (40h semanais) | B107: =D99 -> 0 | C107: =D103 -> 0 | D107: =B107-C107 -> 0
A109: BENEFÍCIO PBSF
A110: Categoria
A111: AUXILIAR DE LIMPEZA (40h semanais) | D111: 0
A113: SUBMÓDULO 2.3 - BENEFÍCIOS MENSAIS E DIÁRIOS
A114: Categoria | B114: Vale Transporte | C114: Vale Refeição | D114: PBSF | F114: Total
A115: AUXILIAR DE LIMPEZA (40h semanais) | B115: =D93 -> 0 | C115: =D107 -> 0 | D115: =D111 -> 0 | F115: =SUM(B115:E115) -> 0
A117: MÓDULO 2 - ENCARGOS E BENEFÍCIOS (ANUAIS, MENSAIS E DIÁRIOS)
A119: MÓDULO 2 - ENCARGOS E BENEFÍCIOS (ANUAIS, MENSAIS E DIÁRIOS)
A120: Categoria | B120: Submódulo 2.1 | C120: Submódulo 2.2 | D120: Submódulo 2.3 | E120: Total
A121: AUXILIAR DE LIMPEZA (40h semanais) | B121: =E51 -> 0 | C121: =D77 -> 0 | D121: =F115 -> 0 | E121: =SUM(B121:D121) -> 0
A123: MÓDULO 3 - PROVISÃO PARA RESCISÃO
A125: PERCENTUAIS POR TIPO DE DESLIGAMENTO
A126: Tipos | B126: Percentual
A127: Demissão SEM justa Causa | B127: ='GACED-demais'!G27 -> 0.50204733
A128: SEM justa Causa AP INDENIZADO | B128: =B127*45% -> 0.2259213
A129: SEM justa Causa AP TRABALHADO | B129: =B127*55% -> 0.27612603
A130: Demissão COM justa Causa | B130: ='GACED-demais'!G26 -> 0.017123106
A131: Desligamentos OUTROS TIPOS | B131: ='GACED-demais'!H28 -> 0.48082957
A132: TOTAL | B132: =SUM(B128:B131) -> 1
A134: SUBMÓDULO 3.1 - AVISO PRÉVIO INDENIZADO
A136: AVISO PRÉVIO INDENIZADO
A137: Categoria | B137: Base de cálculo | C137: Provisionamento Mensal | D137: Valor
A138: AUXILIAR DE LIMPEZA (40h semanais) | B138: =G31+(E121-D69) -> 0 | C138: 12 | D138: =B138/C138 -> 0
...

Sheet COPEIRO
A1: ANEXO V - PLANILHA DE CUSTOS E FORMAÇÃO DE PREÇOS
A2: MODELO DE FORMAÇÃO DE CUSTO MENSAL PARA UM EMPREGADO
A4: MÓDULO 1 - REMUNERAÇÃO
A6: SALÁRIO BASE
A7: SALÁRIO BASE | C7: CCT | E7: DIVISOR MENSAL
A8: COPEIRO 44H | B8: 0 | C8: RS004917/2023 | E8: 220
A10: SALÁRIO BASE | E10: DIVISOR MENSAL
A11: COPEIRO 40H | B11: =B8/44*40 -> 0 | E11: 200
A13: GRATIFICAÇÃO DE FUNÇÃO
A15: GRATIFICAÇÃO DE FUNÇÃO
A16: Categoria | B16: Base de cálculo | C16: Percentual | D16: Valor da Gratificação
A17: COPEIRO | B17: =B11 -> 0 | D17: =B17*C17 -> 0
A19: ADICIONAIS (periculosidade ou insalubridade, se houver)
A21: ADICIONAL DE INSALUBRIDADE
A22: Categoria | B22: Base de cálculo | C22: Percentual | D22: Valor
A23: COPEIRO (40h semanais) | B23: =B8 -> 0 | C23: 0.2 | D23: =B23*C23 -> 0
A25: MÓDULO 1 - REMUNERAÇÃO
A27: MÓDULO 1 - REMUNERAÇÃO
A28: Categoria | B28: Salário Base | C28: Gratificação de função | D28: Adicional de Periculosidade ou Insalubridade | E28: Adicional Noturno | G28: Total
A29: COPEIRO (40h semanais) | B29: =B11 -> 0 | C29: =D17 -> 0 | D29: =D23 -> 0 | G29: =SUM(B29:D29) -> 0
A31: MÓDULO 2 - ENCARGOS E BENEFÍCIOS (ANUAIS, MENSAIS E DIÁRIOS)
A33: SUBMÓDULO 2.1 – 13° SALÁRIO, FÉRIAS E ADICIONAL DE FÉRIAS
A35: 13° SALÁRIO Previsto no Decreto 57.155, de 1965.
A36: Categoria | B36: Base de cálculo | C36: Provisionamento Mensal | D36: Valor
A37: COPEIRO (40h semanais) | B37: =G29 -> 0 | C37: =1/12 -> 0.083333333 | D37: =B37*C37 -> 0
A39: FÉRIAS Previsto no art. 7° da Constituição Federal
A40: Categoria | B40: Base de cálculo | C40: Provisionamento Mensal | D40: Valor
A41: COPEIRO (40h semanais) | B41: =G29 -> 0 | C41: =1/12 -> 0.083333333 | D41: =B41*C41 -> 0
A43: ADICIONAL DE FÉRIAS - 1/3 CONSTITUCIONAL
A44: Categoria | B44: Base de cálculo | C44: Alíquota Adicional | D44: Provisionamento Mensal | E44: Valor
A45: COPEIRO (40h semanais) | B45: =G29 -> 0 | C45: =1/3 -> 0.33333333 | D45: =1/12 -> 0.083333333 | E45: =B45*C45*D45 -> 0
A47: SUBMÓDULO 2.1 – 13° SALÁRIO, FÉRIAS E ADICIONAL DE FÉRIAS
A48: Categoria | B48: 13° Salário | C48: Férias | D48: 1/3 Constitucional | E48: Total
A49: COPEIRO (40h semanais) | B49: =D37 -> 0 | C49: =D41 -> 0 | D49: =E45 -> 0 | E49: =SUM(B49:D49) -> 0
A51: SUBMÓDULO 2.2 - ENCARGOS PREVIDENCIÁRIOS E FGTS
A53: COMPOSIÇÃO DO GPS E FGTS
A54: Encargos | B54: Percentual
A55: INSS - empregador | B55: 0
A56: Salário-Educação | B56: 0
A57: SAT- GIL/RAT | B57: 0
A58: SESC | B58: 0
A59: SENAC | B59: 0
A60: SEBRAE | B60: 0
A61: INCRA | B61: 0
A62: FGTS | B62: 0
A63: TOTAL | B63: =SUM(B55:B62) -> 0
A65: GPS - GUIA DA PREVIDÊNCIA SOCIAL
A66: Categoria | B66: Base de cálculo | C66: Percentual | D66: Valor
A67: COPEIRO (40h semanais) | B67: =G29+E49 -> 0 | C67: =SUM($B$55:$B$61) -> 0 | D67: =B67*C67 -> 0
A69: FGTS - FUNDO DE GARANTIA POR TEMPO DE SERVIÇO
A70: Categoria | B70: Base de cálculo | C70: Percentual | D70: Valor
A71: COPEIRO (40h semanais) | B71: =G29+E49 -> 0 | C71: =$B$62 -> 0 | D71: =B71*C71 -> 0
A73: SUBMÓDULO 2.2 - ENCARGOS PREVIDENCIÁRIOS E FGTS
A74: Categoria | B74: GPS | C74: FGTS | D74: Total
A75: COPEIRO (40h semanais) | B75: =D67 -> 0 | C75: =D71 -> 0 | D75: =B75+C75 -> 0
A77: SUBMÓDULO 2.3 - BENEFÍCIOS MENSAIS E DIÁRIOS
A79: VALE TRANSPORTE
A81: CUSTO DA PASSAGEM
A82: Categoria | B82: Vr. Unitário | C82: Vales por dia | D82: Dias efetivamente trabalhados | E82: Custo total
A83: COPEIRO (40h semanais) | B83: 0 | C83: 2 | D83: 22 | E83: =B83*C83*D83 -> 0
A85: DESCONTO DO VALE TRANSPORTE
A86: Categoria | B86: Base de cálculo | C86: Proporcionalidade | D86: Percentual | E86: Desconto
A87: COPEIRO (40h semanais) | B87: =B11 -> 0 | C87: 1 | D87: 0.06 | E87: =B87*C87*D87 -> 0
A89: CUSTO EFETIVO DO VALE TRANSPORTE
A90: Categoria | B90: Custo total | C90: Valor do desconto | D90: Custo efetivo
A91: COPEIRO (40h semanais) | B91: =E83 -> 0 | C91: =E87 -> 0 | D91: =B91-C91 -> 0
A93: VALE ALIMENTAÇÃO/REFEIÇÃO
A95: VALE ALIMENTAÇÃO/REFEIÇÃO
A96: Categoria | B96: Valor diário | C96: Dias efetivamente trabalhados | D96: Valor
A97: COPEIRO (40h semanais) | B97: 0 | C97: =D83 -> 22 | D97: =B97*C97 -> 0
A99: DESCONTO DO VALE ALIMENTAÇÃO/REFEIÇÃO
A100: Categoria | B100: Base de cálculo | C100: Percentual | D100: Desconto
A101: COPEIRO (40h semanais) | B101: =D97 -> 0 | C101: 0.19 | D101: =B101*C101 -> 0
A103: CUSTO EFETIVO DO VALE ALIMENTAÇÃO/REFEIÇÃO
A104: Categoria | B104: Custo total | C104: Desconto | D104: Custo efetivo
A105: COPEIRO (40h semanais) | B105: =D97 -> 0 | C105: =D101 -> 0 | D105: =B105-C105 -> 0
A107: BENEFÍCIO PBSF
A108: Categoria
A109: COPEIRO (40h semanais) | D109: 0
A111: SUBMÓDULO 2.3 - BENEFÍCIOS MENSAIS E DIÁRIOS
A112: Categoria | B112: Vale Transporte | C112: Vale Refeição | D112: PBSF | F112: Total
A113: COPEIRO (40h semanais) | B113: =D91 -> 0 | C113: =D105 -> 0 | D113: =D109 -> 0 | F113: =SUM(B113:E113) -> 0
A115: MÓDULO 2 - ENCARGOS E BENEFÍCIOS (ANUAIS, MENSAIS E DIÁRIOS)
A117: MÓDULO 2 - ENCARGOS E BENEFÍCIOS (ANUAIS, MENSAIS E DIÁRIOS)
A118: Categoria | B118: Submódulo 2.1 | C118: Submódulo 2.2 | D118: Submódulo 2.3 | E118: Total
A119: COPEIRO (40h semanais) | B119: =E49 -> 0 | C119: =D75 -> 0 | D119: =F113 -> 0 | E119: =SUM(B119:D119) -> 0
A121: MÓDULO 3 - PROVISÃO PARA RESCISÃO
A123: PERCENTUAIS POR TIPO DE DESLIGAMENTO
A124: Tipos | B124: Percentual
A125: Demissão SEM justa Causa | B125: ='GACED-demais'!G27 -> 0.50204733
A126: SEM justa Causa AP INDENIZADO | B126: =B125*45% -> 0.2259213
A127: SEM justa Causa AP TRABALHADO | B127: =B125*55% -> 0.27612603
A128: Demissão COM justa Causa | B128: ='GACED-demais'!G26 -> 0.017123106
A129: Desligamentos OUTROS TIPOS | B129: ='GACED-demais'!H28 -> 0.48082957
A130: TOTAL | B130: =SUM(B126:B129) -> 1
A132: SUBMÓDULO 3.1 - AVISO PRÉVIO INDENIZADO
A134: AVISO PRÉVIO INDENIZADO
A135: Categoria | B135: Base de cálculo | C135: Provisionamento Mensal | D135: Valor
A136: COPEIRO (40h semanais) | B136: =G29+(E119-D67) -> 0 | C136: 12 | D136: =B136/C136 -> 0
A138: MULTA DO FGTS NO AVISO PRÉVIO INDENIZADO
...

Sheet RECEPCIONISTA
A1: ANEXO V - PLANILHA DE CUSTOS E FORMAÇÃO DE PREÇOS
A2: MODELO DE FORMAÇÃO DE CUSTO MENSAL PARA UM EMPREGADO
A4: MÓDULO 1 - REMUNERAÇÃO
A6: SALÁRIO BASE
A7: SALÁRIO BASE | C7: CCT | E7: DIVISOR MENSAL
A8: RECEPCIONISTA 44H | B8: 0 | C8: RS004917/2023 | E8: 220
A10: SALÁRIO BASE | E10: DIVISOR MENSAL
A11: RECEPCIONISTA 40H | B11: =B8/44*40 -> 0 | E11: 200
A13: GRATIFICAÇÃO DE FUNÇÃO
A15: GRATIFICAÇÃO DE FUNÇÃO
A16: Categoria | B16: Base de cálculo | C16: Percentual | D16: Valor da Gratificação
A17: RECEPCIONISTA | B17: =B11 -> 0 | D17: =B17*C17 -> 0
A19: MÓDULO 1 - REMUNERAÇÃO
A21: MÓDULO 1 - REMUNERAÇÃO
A22: Categoria | B22: Salário Base | C22: Gratificação de função | D22: Adicional de Periculosidade ou Insalubridade | E22: Adicional Noturno | G22: Total
A23: RECEPCIONISTA (40h semanais) | B23: =B11 -> 0 | C23: =D17 -> 0 | D23: 0 | G23: =SUM(B23:F23) -> 0
A25: MÓDULO 2 - ENCARGOS E BENEFÍCIOS (ANUAIS, MENSAIS E DIÁRIOS)
A27: SUBMÓDULO 2.1 – 13° SALÁRIO, FÉRIAS E ADICIONAL DE FÉRIAS
A29: 13° SALÁRIO Previsto no Decreto 57.155, de 1965.
A30: Categoria | B30: Base de cálculo | C30: Provisionamento Mensal | D30: Valor
A31: RECEPCIONISTA (40h semanais) | B31: =G23 -> 0 | C31: =1/12 -> 0.083333333 | D31: =B31*C31 -> 0
A33: FÉRIAS Previsto no art. 7° da Constituição Federal
A34: Categoria | B34: Base de cálculo | C34: Provisionamento Mensal | D34: Valor
A35: RECEPCIONISTA (40h semanais) | B35: =G23 -> 0 | C35: =1/12 -> 0.083333333 | D35: =B35*C35 -> 0
A37: ADICIONAL DE FÉRIAS - 1/3 CONSTITUCIONAL
A38: Categoria | B38: Base de cálculo | C38: Alíquota Adicional | D38: Provisionamento Mensal | E38: Valor
A39: RECEPCIONISTA (40h semanais) | B39: =G23 -> 0 | C39: =1/3 -> 0.33333333 | D39: =1/12 -> 0.083333333 | E39: =B39*C39*D39 -> 0
A41: SUBMÓDULO 2.1 – 13° SALÁRIO, FÉRIAS E ADICIONAL DE FÉRIAS
A42: Categoria | B42: 13° Salário | C42: Férias | D42: 1/3 Constitucional | E42: Total
A43: RECEPCIONISTA (40h semanais) | B43: =D31 -> 0 | C43: =D35 -> 0 | D43: =E39 -> 0 | E43: =SUM(B43:D43) -> 0
A45: SUBMÓDULO 2.2 - ENCARGOS PREVIDENCIÁRIOS E FGTS
A47: COMPOSIÇÃO DO GPS E FGTS
A48: Encargos | B48: Percentual
A49: INSS - empregador | B49: 0
A50: Salário-Educação | B50: 0
A51: SAT- GIL/RAT | B51: 0
A52: SESC | B52: 0
A53: SENAC | B53: 0
A54: SEBRAE | B54: 0
A55: INCRA | B55: 0
A56: FGTS | B56: 0
A57: TOTAL | B57: =SUM(B49:B56) -> 0
A59: GPS - GUIA DA PREVIDÊNCIA SOCIAL
A60: Categoria | B60: Base de cálculo | C60: Percentual | D60: Valor
A61: RECEPCIONISTA (40h semanais) | B61: =G23+E43 -> 0 | C61: =SUM($B$49:$B$55) -> 0 | D61: =B61*C61 -> 0
A63: FGTS - FUNDO DE GARANTIA POR TEMPO DE SERVIÇO
A64: Categoria | B64: Base de cálculo | C64: Percentual | D64: Valor
A65: RECEPCIONISTA (40h semanais) | B65: =G23+E43 -> 0 | C65: =$B$56 -> 0 | D65: =B65*C65 -> 0
A67: SUBMÓDULO 2.2 - ENCARGOS PREVIDENCIÁRIOS E FGTS
A68: Categoria | B68: GPS | C68: FGTS | D68: Total
A69: RECEPCIONISTA (40h semanais) | B69: =D61 -> 0 | C69: =D65 -> 0 | D69: =B69+C69 -> 0
A71: SUBMÓDULO 2.3 - BENEFÍCIOS MENSAIS E DIÁRIOS
A73: VALE TRANSPORTE
A75: CUSTO DA PASSAGEM
A76: Categoria | B76: Vr. Unitário | C76: Vales por dia | D76: Dias efetivamente trabalhados | E76: Custo total
A77: RECEPCIONISTA (40h semanais) | B77: 0 | C77: 2 | D77: 22 | E77: =B77*C77*D77 -> 0
A79: DESCONTO DO VALE TRANSPORTE
A80: Categoria | B80: Base de cálculo | C80: Proporcionalidade | D80: Percentual | E80: Desconto
A81: RECEPCIONISTA (40h semanais) | B81: =B11 -> 0 | C81: 1 | D81: 0.06 | E81: =B81*C81*D81 -> 0
A83: CUSTO EFETIVO DO VALE TRANSPORTE
A84: Categoria | B84: Custo total | C84: Valor do desconto | D84: Custo efetivo
A85: RECEPCIONISTA (40h semanais) | B85: =E77 -> 0 | C85: =E81 -> 0 | D85: =B85-C85 -> 0
A87: VALE ALIMENTAÇÃO/REFEIÇÃO
A89: VALE ALIMENTAÇÃO/REFEIÇÃO
A90: Categoria | B90: Valor diário | C90: Dias efetivamente trabalhados | D90: Valor
A91: RECEPCIONISTA (40h semanais) | B91: 0 | C91: =D77 -> 22 | D91: =B91*C91 -> 0
A93: DESCONTO DO VALE ALIMENTAÇÃO/REFEIÇÃO
A94: Categoria | B94: Base de cálculo | C94: Percentual | D94: Desconto
A95: RECEPCIONISTA (40h semanais) | B95: =D91 -> 0 | C95: 0.19 | D95: =B95*C95 -> 0
A97: CUSTO EFETIVO DO VALE ALIMENTAÇÃO/REFEIÇÃO
A98: Categoria | B98: Custo total | C98: Desconto | D98: Custo efetivo
A99: RECEPCIONISTA (40h semanais) | B99: =D91 -> 0 | C99: =D95 -> 0 | D99: =B99-C99 -> 0
A101: BENEFÍCIO PBSF
A102: Categoria
A103: RECEPCIONISTA (40h semanais) | D103: 0
A105: SUBMÓDULO 2.3 - BENEFÍCIOS MENSAIS E DIÁRIOS
A106: Categoria | B106: Vale Transporte | C106: Vale Refeição | D106: PBSF | F106: Total
A107: RECEPCIONISTA (40h semanais) | B107: =D85 -> 0 | C107: =D99 -> 0 | D107: =D103 -> 0 | F107: =SUM(B107:E107) -> 0
A109: MÓDULO 2 - ENCARGOS E BENEFÍCIOS (ANUAIS, MENSAIS E DIÁRIOS)
A111: MÓDULO 2 - ENCARGOS E BENEFÍCIOS (ANUAIS, MENSAIS E DIÁRIOS)
A112: Categoria | B112: Submódulo 2.1 | C112: Submódulo 2.2 | D112: Submódulo 2.3 | E112: Total
A113: RECEPCIONISTA (40h semanais) | B113: =E43 -> 0 | C113: =D69 -> 0 | D113: =F107 -> 0 | E113: =SUM(B113:D113) -> 0
A115: MÓDULO 3 - PROVISÃO PARA RESCISÃO
A117: PERCENTUAIS POR TIPO DE DESLIGAMENTO
A118: Tipos | B118: Percentual
A119: Demissão SEM justa Causa | B119: ='GACED-demais'!G27 -> 0.50204733
A120: SEM justa Causa AP INDENIZADO | B120: =B119*45% -> 0.2259213
A121: SEM justa Causa AP TRABALHADO | B121: =B119*55% -> 0.27612603
A122: Demissão COM justa Causa | B122: ='GACED-demais'!G26 -> 0.017123106
A123: Desligamentos OUTROS TIPOS | B123: ='GACED-demais'!H28 -> 0.48082957
A124: TOTAL | B124: =SUM(B120:B123) -> 1
A126: SUBMÓDULO 3.1 - AVISO PRÉVIO INDENIZADO
A128: AVISO PRÉVIO INDENIZADO
A129: Categoria | B129: Base de cálculo | C129: Provisionamento Mensal | D129: Valor
A130: RECEPCIONISTA (40h semanais) | B130: =G23+(E113-D61) -> 0 | C130: 12 | D130: =B130/C130 -> 0
A132: MULTA DO FGTS NO AVISO PRÉVIO INDENIZADO
A133: Categoria | B133: Base de cálculo | C133: Percentual | D133: Provisionamento Mensal | E133: Valor
A134: =A130 -> RECEPCIONISTA (40h semanais) | B134: =D65 -> 0 | C134: 0.4 | D134: 0.0833 | E134: =B134*C134*D134 -> 0
A137: SUBMÓDULO 3.1 - CUSTO DO AVISO PRÉVIO INDENIZADO
A138: Categoria | B138: Base de cálculo | C138: Percentual | D138: Valor
...

Sheet AUXILIAR DE ALMOXARIFADO
A1: ANEXO V - PLANILHA DE CUSTOS E FORMAÇÃO DE PREÇOS
A2: MODELO DE FORMAÇÃO DE CUSTO MENSAL PARA UM EMPREGADO
A4: MÓDULO 1 - REMUNERAÇÃO
A6: SALÁRIO BASE
A7: SALÁRIO BASE | C7: CCT | E7: DIVISOR MENSAL
A8: AUXILIAR DE ALMOXARIFADO (44h semanais) | B8: 0 | C8: RS004917/2023 | E8: 220
A10: SALÁRIO BASE | E10: DIVISOR MENSAL
A11: AUXILIAR DE ALMOXARIFADO (40h semanais) | B11: =B8/44*40 -> 0 | E11: 200
A13: GRATIFICAÇÃO DE FUNÇÃO
A15: GRATIFICAÇÃO DE FUNÇÃO
A16: Categoria | B16: Base de cálculo | C16: Percentual | D16: Valor da Gratificação
A17: AUXILIAR DE ALMOXARIFADO (40h semanais) | B17: =B11 -> 0 | D17: =B17*C17 -> 0
A19: MÓDULO 1 - REMUNERAÇÃO
A21: MÓDULO 1 - REMUNERAÇÃO
A22: Categoria | B22: Salário Base | C22: Gratificação de função | D22: Adicional de Periculosidade ou Insalubridade | E22: Adicional Noturno | G22: Total
A23: AUXILIAR DE ALMOXARIFADO (40h semanais) | B23: =B11 -> 0 | C23: =D17 -> 0 | D23: 0 | G23: =SUM(B23:F23) -> 0
A25: MÓDULO 2 - ENCARGOS E BENEFÍCIOS (ANUAIS, MENSAIS E DIÁRIOS)
A27: SUBMÓDULO 2.1 – 13° SALÁRIO, FÉRIAS E ADICIONAL DE FÉRIAS
A29: 13° SALÁRIO Previsto no Decreto 57.155, de 1965.
A30: Categoria | B30: Base de cálculo | C30: Provisionamento Mensal | D30: Valor
A31: AUXILIAR DE ALMOXARIFADO (40h semanais) | B31: =G23 -> 0 | C31: =1/12 -> 0.083333333 | D31: =B31*C31 -> 0
A33: FÉRIAS Previsto no art. 7° da Constituição Federal
A34: Categoria | B34: Base de cálculo | C34: Provisionamento Mensal | D34: Valor
A35: AUXILIAR DE ALMOXARIFADO (40h semanais) | B35: =G23 -> 0 | C35: =1/12 -> 0.083333333 | D35: =B35*C35 -> 0
A37: ADICIONAL DE FÉRIAS - 1/3 CONSTITUCIONAL
A38: Categoria | B38: Base de cálculo | C38: Alíquota Adicional | D38: Provisionamento Mensal | E38: Valor
A39: AUXILIAR DE ALMOXARIFADO (40h semanais) | B39: =G23 -> 0 | C39: =1/3 -> 0.33333333 | D39: =1/12 -> 0.083333333 | E39: =B39*C39*D39 -> 0
A41: SUBMÓDULO 2.1 – 13° SALÁRIO, FÉRIAS E ADICIONAL DE FÉRIAS
A42: Categoria | B42: 13° Salário | C42: Férias | D42: 1/3 Constitucional | E42: Total
A43: AUXILIAR DE ALMOXARIFADO (40h semanais) | B43: =D31 -> 0 | C43: =D35 -> 0 | D43: =E39 -> 0 | E43: =SUM(B43:D43) -> 0
A45: SUBMÓDULO 2.2 - ENCARGOS PREVIDENCIÁRIOS E FGTS
A47: COMPOSIÇÃO DO GPS E FGTS
A48: Encargos | B48: Percentual
A49: INSS - empregador | B49: 0
A50: Salário-Educação | B50: 0
A51: SAT- GIL/RAT | B51: 0
A52: SESC | B52: 0
A53: SENAC | B53: 0
A54: SEBRAE | B54: 0
A55: INCRA | B55: 0
A56: FGTS | B56: 0
A57: TOTAL | B57: =SUM(B49:B56) -> 0
A59: GPS - GUIA DA PREVIDÊNCIA SOCIAL
A60: Categoria | B60: Base de cálculo | C60: Percentual | D60: Valor
A61: AUXILIAR DE ALMOXARIFADO (40h semanais) | B61: =G23+E43 -> 0 | C61: =SUM($B$49:$B$55) -> 0 | D61: =B61*C61 -> 0
A63: FGTS - FUNDO DE GARANTIA POR TEMPO DE SERVIÇO
A64: Categoria | B64: Base de cálculo | C64: Percentual | D64: Valor
A65: AUXILIAR DE ALMOXARIFADO (40h semanais) | B65: =G23+E43 -> 0 | C65: =$B$56 -> 0 | D65: =B65*C65 -> 0
A67: SUBMÓDULO 2.2 - ENCARGOS PREVIDENCIÁRIOS E FGTS
A68: Categoria | B68: GPS | C68: FGTS | D68: Total
A69: AUXILIAR DE ALMOXARIFADO (40h semanais) | B69: =D61 -> 0 | C69: =D65 -> 0 | D69: =B69+C69 -> 0
A71: SUBMÓDULO 2.3 - BENEFÍCIOS MENSAIS E DIÁRIOS
A73: VALE TRANSPORTE
A75: CUSTO DA PASSAGEM
A76: Categoria | B76: Vr. Unitário | C76: Vales por dia | D76: Dias efetivamente trabalhados | E76: Custo total
A77: AUXILIAR DE ALMOXARIFADO (40h semanais) | B77: 0 | C77: 2 | D77: 22 | E77: =B77*C77*D77 -> 0
A79: DESCONTO DO VALE TRANSPORTE
A80: Categoria | B80: Base de cálculo | C80: Proporcionalidade | D80: Percentual | E80: Desconto
A81: AUXILIAR DE ALMOXARIFADO (40h semanais) | B81: =B11 -> 0 | C81: 1 | D81: 0.06 | E81: =B81*C81*D81 -> 0
A83: CUSTO EFETIVO DO VALE TRANSPORTE
A84: Categoria | B84: Custo total | C84: Valor do desconto | D84: Custo efetivo
A85: AUXILIAR DE ALMOXARIFADO (40h semanais) | B85: =E77 -> 0 | C85: =E81 -> 0 | D85: =B85-C85 -> 0
A87: VALE ALIMENTAÇÃO/REFEIÇÃO
A89: VALE ALIMENTAÇÃO/REFEIÇÃO
A90: Categoria | B90: Valor diário | C90: Dias efetivamente trabalhados | D90: Valor
A91: AUXILIAR DE ALMOXARIFADO (40h semanais) | B91: 0 | C91: =D77 -> 22 | D91: =B91*C91 -> 0
A93: DESCONTO DO VALE ALIMENTAÇÃO/REFEIÇÃO
A94: Categoria | B94: Base de cálculo | C94: Percentual | D94: Desconto
A95: AUXILIAR DE ALMOXARIFADO (40h semanais) | B95: =D91 -> 0 | C95: 0.19 | D95: =B95*C95 -> 0
A97: -
A98: Categoria | B98: Custo total | C98: Desconto | D98: Custo efetivo
A99: AUXILIAR DE ALMOXARIFADO (40h semanais) | B99: =D91 -> 0 | C99: =D95 -> 0 | D99: =B99-C99 -> 0
A101: BENEFÍCIO PBSF
A102: Categoria
A103: AUXILIAR DE ALMOXARIFADO (40h semanais) | D103: 0
A105: SUBMÓDULO 2.3 - BENEFÍCIOS MENSAIS E DIÁRIOS
A106: Categoria | B106: Vale Transporte | C106: Vale Refeição | D106: PBSF | F106: Total
A107: AUXILIAR DE ALMOXARIFADO (40h semanais) | B107: =D85 -> 0 | C107: =D99 -> 0 | D107: =D103 -> 0 | F107: =SUM(B107:E107) -> 0
A109: MÓDULO 2 - ENCARGOS E BENEFÍCIOS (ANUAIS, MENSAIS E DIÁRIOS)
A111: MÓDULO 2 - ENCARGOS E BENEFÍCIOS (ANUAIS, MENSAIS E DIÁRIOS)
A112: Categoria | B112: Submódulo 2.1 | C112: Submódulo 2.2 | D112: Submódulo 2.3 | E112: Total
A113: AUXILIAR DE ALMOXARIFADO (40h semanais) | B113: =E43 -> 0 | C113: =D69 -> 0 | D113: =F107 -> 0 | E113: =SUM(B113:D113) -> 0
A115: MÓDULO 3 - PROVISÃO PARA RESCISÃO
A117: PERCENTUAIS POR TIPO DE DESLIGAMENTO
A118: Tipos | B118: Percentual
A119: Demissão SEM justa Causa | B119: ='GACED-demais'!G27 -> 0.50204733
A120: SEM justa Causa AP INDENIZADO | B120: =B119*45% -> 0.2259213
A121: SEM justa Causa AP TRABALHADO | B121: =B119*55% -> 0.27612603
A122: Demissão COM justa Causa | B122: ='GACED-demais'!G26 -> 0.017123106
A123: Desligamentos OUTROS TIPOS | B123: ='GACED-demais'!H28 -> 0.48082957
A124: TOTAL | B124: =SUM(B120:B123) -> 1
A126: SUBMÓDULO 3.1 - AVISO PRÉVIO INDENIZADO
A128: AVISO PRÉVIO INDENIZADO
A129: Categoria | B129: Base de cálculo | C129: Provisionamento Mensal | D129: Valor
A130: AUXILIAR DE ALMOXARIFADO (40h semanais) | B130: =G23+(E113-D61) -> 0 | C130: 12 | D130: =B130/C130 -> 0
A132: MULTA DO FGTS NO AVISO PRÉVIO INDENIZADO
A133: Categoria | B133: Base de cálculo | C133: Percentual | D133: Provisionamento Mensal | E133: Valor
A134: AUXILIAR DE ALMOXARIFADO (40h semanais) | B134: =D65 -> 0 | C134: 0.4 | D134: 0.0833 | E134: =B134*C134*D134 -> 0
A137: SUBMÓDULO 3.1 - CUSTO DO AVISO PRÉVIO INDENIZADO
A138: Categoria | B138: Base de cálculo | C138: Percentual | D138: Valor
...

Sheet TOTAL
A1: CARGO | B1: VALOR MENSAL
A2: AUXILIAR DE LIMPEZA | B2: =ROUND('AUXILIAR DE LIMPEZA'!D282,2) -> 0
A3: COPEIRO | B3: =ROUND(COPEIRO!D281,2) -> 0
A4: RECEPCIONISTA | B4: =ROUND(RECEPCIONISTA!D274,2) -> 0
A5: AUXILIAR DE ALMOXARIFADO | B5: =ROUND('AUXILIAR DE ALMOXARIFADO'!D274,2) -> 0
A7: TOTAIS
A8: TOTAL MENSAL | B8: =SUM(B2:B5) -> 0
A9: TOTAL ANUAL | B9: =B8*12 -> 0

Sheet GACED-demais
B3: http://bi.mte.gov.br/cagedestabelecimento/pages/consulta.xhtml#filtroNivelSetorial
C6: CAGED LEI Nº 4923/65
B7: MINISTÉRIO DO TRABALHO E PREVIDÊNCIA SOCIAL
B9: Secretaria de Políticas Públicas de Emprego
B10: Departamento de Emprego e Salário
B11: Coordenação Geral de Estatísticas de Trabalho
B13: CAGED ESTABELECIMENTO
B14: Demonstrativo Por Período
B16: 3132 - RIO GRANDE DO SUL
B17: Admissões
B18: Primeiro Emprego | E18: 649
B19: Reemprego | E19: 20416
B20: Início de Contrato por Prazo Determinado | E20: 294
B21: Reintegração | E21: 12
B22: Transferência de Entrada | E22: 0
B23: Total | E23: 21371
B24: Desligamentos
B25: Dispensados | E25: 9763 | G25: =E25/E35 -> 0.51917043
B26: Dispensado Com Justa Causa | E26: 322 | G26: =E26/E35 -> 0.017123106 | H26: =E25/E35 -> 0.51917043
B27: Dispensado Sem Justa Causa | E27: 9441 | G27: =E27/E35 -> 0.50204733
B28: Espontâneos | E28: 4220 | G28: =E28/$E$35 -> 0.2244084 | H28: =+G28+G29+G30+G31+G32+G33+G34 -> 0.48082957
B29: Fim de Contrato por Prazo Determinado | E29: 295 | G29: =E29/$E$35 -> 0.015687317
B30: Término de Contrato | E30: 4462 | G30: =E30/$E$35 -> 0.23727732
B31: Aposentados | E31: 4 | G31: =E31/$E$35 -> 0.00021270939
B32: Mortos | E32: 61 | G32: =E32/$E$35 -> 0.0032438181
B33: Transferência de Saída | E33: 0 | G33: =E33/$E$35 -> 0
B34: Acordo | E34: 0 | G34: =E34/$E$35 -> 0
B35: Total | E35: =SUM(E26:E34) -> 18805 | H35: =SUM(H25:H34) -> 1
B36: Indicadores
B37: Estoque Base para Recuperação: 01/01/2021 | E37: 0
B38: Estoque Recuperado Início do Período (01/01/2019) | E38: 0
B39: Estoque Recuperado Final do Período (31/12/2019) | E39: 2394
B40: Variação Emprego Absoluta de 01/01/2019 a 31/12/2019 | E40: 2394
B43: Nota: Quando marcada a opção "Considerar Acertos", as informações dos últimos doze meses contemplam as declarações fora do prazo, exceto o último mês disponível, estando sujeitas a alterações.

Sheet DECLARAÇÕES RELATIVAS À PLANILH
A3: DECLARAÇÕES QUE A EMPRESA LICITANTE DEVE FAZER:
A4: A empresa é optante pelo seguinte regime de tributação e recolhe, atualmente, as seguintes alíquotas de tributos:
A5: ( ) a) Lucro presumido, recolhendo: Cofins ( %); Pis ( %); IRPJ ( %); CSLL ( %). Após contratar com a prefeitura manterá estas alíquotas; (caso ocorrer alteração nas alíquotas, as mesmas serão as seguintes .......
A6: ( ) b) Lucro real, recolhendo: Cofins ( %); Pis ( %); IRPJ ( %); CSLL ( %). Após contratar com a prefeitura manterá estas alíquotas; (caso ocorrer alteração nas alíquotas, as mesmas serão as seguintes .......
A7: ( ) c) Simples Nacional: Após assinatura do contrato a empresa se descredenciará do Simples Nacional e passará para a tributação do ( ) LUCRO PRESUMIDO ou ( ) LUCRO REAL.
A9: Observação:
A10: Cada empresa é responsável por incluir em sua planilha de custos, os enquadramentos tributários, trabalhistas e previdenciários, de acordo com a realidade tributária e funcional de seu quadro de funcionários. Desta forma, a planilha de custos disponibilizada pela prefeitura representa, apenas, um MODELO REFERENCIAL, e que impõe um limite máximo de valores para a proposta apresentada.
A11: Destaca-se, que cada empresa possui a sua realidade tributária e funcional, o município não tem como prever todas as possibilidades de enquadramento funcionais, que são baseadas em acordos sindicais e na legislação trabalhista como um todo.
A12: Além disso, para cada cargo ou ambiente de trabalho funcional, alteram-se as condições e enquadramentos, como por exemplo: de insalubridade e EPI (depende do laudo de condições ambientais de trabalho para cada cargo e para cada local de trabalho); Situação de enquadramento tributária e previdenciária (se a empresa é optante pelo simples nacional, lucro presumido ou lucro real);
A13: Por fim, as condições e regras de trabalho também são disciplinadas pelos acordos coletivos de trabalho, os quais, a empresa deve observar.
A14: Portanto, baseado nestes aspectos, cabe a empresa identificar quais os enquadramentos trabalhistas e tributários corretos para a situação licitada. Ao final do pleito licitatório, ou mesmo, no decorrer da execução contratual, se o município verificar, por meio de recursos à licitação ou denúncias recebidas durante a execução contratual, que no momento da elaboração da proposta e da planilha de custos final, a empresa apresentou um item de custos (na planilha de custos final) diferente do que é exigido na convenção coletiva sindical ou em qualquer legislação trabalhista, visando reduzir o valor de sua proposta financeira, o município poderá considerar tal fato, como uso de má fé por parte da empresa.
A15: Assim, com esta prova de má fé por parte do licitante, o município poderá desabilitar a empresa durante o processo licitatório, ou mesmo, rescindir o contrato em vigor, pelo bem do serviço público.
